AoeStats
← HrH The Sausage Meister General

Fortress

509687956Analyzed
4v4 RM · 4d ago on Sep 27, 2026· 57m 49s· 8 players
Game mode
Random Map
Map size
Huge
Population
200
Speed
Normal
Resources
Standard
Victory
Conquest
Starting age
Dark Age
Ending age
Imperial Age
RankedLock teamsTeams togetherTeam positionsShared explorationLock speedFull tech treeHidden civsTurbo modeCheats
Victory
Defeat
🇦🇺 Cumans · Australia
1140
+16
🇦🇷 Lithuanians · Argentina
1135
+16
🇮🇳 Malay · India
1104
+18
🇻🇳 Burmese · Vietnam
1079
+20
🇬🇧 Franks · United Kingdom
1152
-18
🇬🇧 Spanish · United Kingdom
1148
-18
🇬🇧 Dravidians · United Kingdom
1135
-17
🇬🇧 Saracens · United Kingdom
1135
-17
Vaga
6:12 Feudal Age
10:21 Castle Age
8:37 Double-Bit Axe
8:53 Horse Collar
11:22 Bow Saw
15:19 Wheelbarrow
25:24 Imperial Age
24:19 Scale Barding Armor
24:25 Forging
24:48 Husbandry
24:59 Bloodlines
26:10 Chain Barding Armor
26:26 Iron Casting
26:58 Elite Leitis
28:34 Hand Cart
29:46 Plate Barding Armor
36:49 Fletching
36:43 Light Cavalry
40:18 Caravan
40:51 Coinage
40:31 Guilds
42:28 Gold Mining
42:41 Heavy Plow
42:32 Town Watch
43:37 Bodkin Arrow
48:02 Crop Rotation
51:57 Ballistics
52:37 Chemistry
53:59 Banking
Súp gà noob 1000kg
4:20 Loom
6:49 Feudal Age
8:58 Horse Collar
15:04 Castle Age
16:56 Wheelbarrow
16:06 Town Watch
17:03 Heavy Plow
17:02 Stone Mining
17:16 Town Watch
19:14 Hand Cart
28:39 Imperial Age
27:02 Pikeman
27:43 Squires
29:08 Scale Mail Armor
29:18 Forging
30:46 Chemistry
29:30 Halberdier
31:24 Chain Mail Armor
31:45 Iron Casting
31:45 Conscription
33:18 Plate Mail Armor
33:23 Iron Casting
34:03 Iron Casting
34:35 Murder Holes
34:50 Fortified Wall
34:38 Fletching
36:44 Blast Furnace
36:33 Gold Mining
37:05 Bodkin Arrow
37:24 Masonry
38:49 Architecture
39:53 Bracer
41:29 Elite Arambai
44:22 Padded Archer Armor
44:32 Capped Ram
46:42 Arson
49:14 Onager
51:40 Man-at-Arms
52:05 Gambesons
53:23 Heavy Scorpion
55:43 Long Swordsman
56:37 Two-Handed Swordsman
57:25 Champion
Keanoob Reeves
6:40 Feudal Age
7:30 Double-Bit Axe
7:28 Horse Collar
8:32 Wheelbarrow
17:31 Castle Age
16:24 Scale Barding Armor
16:29 Forging
18:42 Chain Barding Armor
18:58 Iron Casting
25:28 Imperial Age
25:46 Bow Saw
27:49 Plate Barding Armor
28:14 Blast Furnace
27:20 Fletching
27:30 Padded Archer Armor
29:15 Blast Furnace
28:13 Cavalier
29:13 Bodkin Arrow
29:44 Paladin
34:22 Leather Archer Armor
36:24 Squires
36:09 Arson
35:48 Pikeman
37:35 Halberdier
37:45 Elite Kipchak
40:27 Caravan
44:54 Steppe Husbandry
44:59 Capped Ram
51:02 Man-at-Arms
53:10 Scale Mail Armor
54:08 Chain Mail Armor
53:36 Long Swordsman
55:18 Siege Ram
55:22 Two-Handed Swordsman
hmscsna
2:05 Loom
7:59 Feudal Age
12:04 Castle Age
10:22 Double-Bit Axe
10:40 Horse Collar
16:34 Forging
23:46 Iron Casting
27:54 Wheelbarrow
27:16 Fletching
31:29 Town Watch
31:57 Bow Saw
35:54 Hand Cart
36:15 Heavy Plow
40:13 Imperial Age
38:15 Bodkin Arrow
38:21 Padded Archer Armor
38:27 Scale Barding Armor
38:24 Town Patrol
39:17 Gold Mining
39:17 Stone Mining
40:04 Conscription
41:27 Elite Karambit Warrior
48:11 Blast Furnace
47:16 Squires
47:02 Arson
48:03 Pikeman
49:55 Bracer
50:30 Halberdier
55:46 Masonry
56:52 Man-at-Arms
58:02 Forced Levy
57:29 Long Swordsman
King_Of_Lincoln
1:14 Loom
9:06 Feudal Age
13:38 Castle Age
11:36 Double-Bit Axe
11:36 Horse Collar
15:10 Heavy Plow
15:24 Bow Saw
17:38 Town Watch
19:26 Wheelbarrow
19:18 Pikeman
20:01 Squires
21:02 Hand Cart
23:58 Thumb Ring
27:03 Fortified Wall
29:45 Imperial Age
29:16 Scale Barding Armor
29:03 Fletching
29:13 Padded Archer Armor
29:24 Forging
29:15 Scale Mail Armor
30:29 Ballistics
30:06 Murder Holes
30:23 Town Patrol
34:31 Chemistry
33:29 Elite Elephant Archer
38:12 Two-Man Saw
38:30 Chain Barding Armor
38:07 Bodkin Arrow
40:13 Conscription
40:31 Halberdier
40:57 Arson
41:38 Chain Mail Armor
41:58 Iron Casting
41:40 Leather Archer Armor
43:18 Plate Mail Armor
42:48 Bracer
45:00 Blast Furnace
47:25 Medical Corps
54:41 Caravan
DizzyLeChuckieEgg
6:49 Feudal Age
10:32 Castle Age
8:52 Double-Bit Axe
12:00 Bow Saw
14:26 Loom
17:39 Wheelbarrow
18:38 Hand Cart
20:14 Gold Mining
20:15 Stone Mining
21:19 Forging
21:09 Scale Mail Armor
21:53 Gold Shaft Mining
21:20 Town Watch
21:40 Squires
21:28 Arson
23:12 Iron Casting
23:27 Chain Mail Armor
27:55 Imperial Age
27:54 Scale Barding Armor
27:58 Town Patrol
28:34 Husbandry
27:59 Cavalier
29:40 Blast Furnace
29:01 Chain Barding Armor
28:43 Chivalry
29:03 Conscription
29:24 Paladin
32:01 Plate Barding Armor
35:16 Light Cavalry
42:50 Caravan
56:25 Fletching
57:33 Bodkin Arrow
HrH The Sausage Meister General
9:05 Feudal Age
13:12 Castle Age
12:18 Double-Bit Axe
12:14 Horse Collar
12:27 Stone Mining
13:13 Town Watch
13:20 Town Watch
13:28 Loom
13:29 Town Watch
15:01 Town Patrol
29:32 Bloodlines
31:45 Scale Barding Armor
31:41 Gold Mining
33:58 Husbandry
34:20 Chain Barding Armor
35:32 Forging
36:13 Gold Shaft Mining
35:41 Heavy Plow
35:59 Bow Saw
39:16 Imperial Age
37:22 Wheelbarrow
37:34 Iron Casting
38:48 Hand Cart
39:37 Heavy Camel Rider
44:44 Blast Furnace
44:19 Conscription
47:07 Plate Barding Armor
53:57 Light Cavalry
The Evil Monkey
8:54 Feudal Age
12:51 Castle Age
11:27 Double-Bit Axe
11:24 Horse Collar
11:56 Loom
12:48 Wheelbarrow
13:54 Bow Saw
13:46 Heavy Plow
15:32 Hand Cart
16:23 Stone Mining
18:46 Husbandry
19:08 Scale Barding Armor
20:26 Forging
20:36 Chain Barding Armor
21:26 Bloodlines
24:15 Iron Casting
24:57 Fletching
25:35 Gold Mining
29:57 Murder Holes
31:01 Squires
30:21 Pikeman
31:03 Scale Mail Armor
31:54 Inquisition
37:57 Imperial Age
37:57 Chain Mail Armor
38:05 Cavalier
38:30 Halberdier
40:12 Blast Furnace
39:42 Plate Mail Armor
44:31 Paladin
49:12 Plate Barding Armor
50:49 Conscription
51:54 Chemistry
51:15 Ballistics
52:46 Caravan
54:17 Bodkin Arrow
53:44 Man-at-Arms
54:41 Gambesons
54:42 Arson
55:05 Long Swordsman
55:49 Bracer
56:31 Two-Handed Swordsman
57:28 Champion
Connection lost

Rejoining the realm…

Still unreachable

The connection could not be restored.

Session expired

The server has moved on; the page needs a fresh start.